 Dungeon Crawl Stone Soup version 0.20.1-1-g8b1a95d (webtiles) character file.

29 Lanoc the Ruffian (level 3, -2/36 HPs)
             Began as a Troll Chaos Knight on Nov 25, 2017.
             Slain by a Tzitzimitl (16 damage)
             ... created by the severe capriciousness of Xom
             ... on level 1 of the Dungeon.
             The game lasted 00:03:05 (795 turns).

Lanoc the Ruffian (Troll Chaos Knight)               Turns: 795, Time: 00:03:05

Health: -2/36      AC:  7    Str: 21    XL:     3   Next: 1%
Magic:  2/2        EV: 10    Int:  8    God:    Xom [....*.]
Gold:   35         SH:  5    Dex:  9    Spells: 2/2 levels left

rFire    . . .     SeeInvis .     - Unarmed
rCold    . . .     Gourm    +   (no shield)
rNeg     . . .     Faith    .   a - +2 robe
rPois    .         Spirit   .   (helmet restricted)
rElec    .         Reflect  +   (no cloak)
rCorr    .         Harm     .   (gloves unavailable)
MR       .....                  (boots unavailable)
Stlth    +.........             j - +5 amulet of reflection
Regen    0.6/turn               (no ring)
MPRegen  0.1/turn               (no ring)

@: slowed, very slow
A: unfitting armour, claws 3, fast metabolism 3, gourmand, regeneration 1,
shaggy fur 1, tough skin 2
a: Renounce Religion


You were on level 1 of the Dungeon.
You worshipped Xom.
You were a beloved toy of Xom.
You were very full.

You visited 1 branch of the dungeon, and saw 1 of its levels.

You collected 35 gold pieces.

Inventory:

Armour
 a - a +2 robe (worn)
Jewellery
 j - a +5 amulet of reflection (around neck)
Scrolls
 c - a scroll of amnesia {unknown}
 f - a scroll of enchant armour {unknown}
 g - 2 scrolls of teleportation {unknown}
 h - a scroll of remove curse {unknown}
 i - 2 scrolls of identify {unknown}
Comestibles
 b - 2 bread rations
 d - 4 fruits


   Skills:
 + Level 2.8 Fighting
 + Level 2.1 Dodging
 + Level 3.5 Unarmed Combat


You had 2 spell levels left.
You didn't know any spells.

Dungeon Overview and Level Annotations

Branches:
Dungeon (1/15)

Altars:


Innate Abilities, Weirdness & Mutations

You are too large for most types of armour.
You have claws for hands.
Your metabolism is lightning-fast.
You like to eat raw meat.
Your natural rate of healing is unusually fast.
You are covered in fur. (AC +1)
You have very tough skin. (AC +2)


Message History

You see here a club.
Xom giggles.
You sense a hostile presence.
A Tzitzimitl comes into view.
You closely miss the Tzitzimitl. The Tzitzimitl engulfs you!!
Ouch! That really hurt!
Xom roars with laughter!
The Tzitzimitl drains your vigour!
You feel yourself slow down. The Tzitzimitl bites you!
* * * LOW HITPOINT WARNING * * *
Press: ? - help, v - describe, . - travel
Here: a Tzitzimitl (durably summoned)
The floor.
The Tzitzimitl calls on the powers of darkness!
Your body is wracked with pain!
* * * LOW HITPOINT WARNING * * *
It was a potion of curing.
You feel better. The Tzitzimitl closely misses you.
The Tzitzimitl bites you but does no damage.
The Tzitzimitl engulfs you!
You die...

#...#.#.#.#
#...#.#.#.#
#...# ..#.#
##### #.# #.#
#.# #.#
#)############
#..@1........#
############.#


You could see a Tzitzimitl.

Vanquished Creatures
  An ooze (D:1)
  A dart slug (D:1)
  2 giant cockroaches (D:1)
  3 goblins (D:1)
  4 hobgoblins (D:1)
  3 kobolds (D:1)
  4 bats (D:1)
  A frilled lizard (D:1)
  A rat (D:1)
20 creatures vanquished.

Vanquished Creatures (others)
  A goblin (D:1)
1 creature vanquished.

Grand Total: 21 creatures vanquished

Notes
Turn   | Place    | Note
-------+----------+-------------------------------------------
     0 | D:1      | Lanoc the Troll Chaos Knight began the quest for the Orb.
     0 | D:1      | Reached XP level 1. HP: 22/22 MP: 0/0
    34 | D:1      | XOM: harmless Necr miscast
    75 | D:1      | XOM: noise
    85 | D:1      | XOM: god gift: battleaxe {god gift}
   157 | D:1      | Reached XP level 2. HP: 27/29 MP: 1/1
   268 | D:1      | XOM is BORED!
   268 | D:1      | XOM: severe Ice miscast
   484 | D:1      | XOM: scenery: 1 doors close
   596 | D:1      | XOM: destruction
   784 | D:1      | Reached XP level 3. HP: 36/36 MP: 2/2
   790 | D:1      | XOM: severe Summ miscast
   791 | D:1      | Noticed a Tzitzimitl
   795 | D:1      | Slain by a Tzitzimitl

Skill      XL: |  1 |
---------------+----+-----
Dodging        | 2 |  2.1
Fighting       | |  2.8
Unarmed Combat | |  3.5

Action                   || total
-------------------------++-------
Melee: Unarmed           ||    42
       Battleaxe         ||    20
  Use: Potion            ||     1
  Eat: Chunk             ||    11
Armor: Robe              ||    35
Dodge: Dodged            ||    29
Block: Other             ||     2
